3030 views
Uploaded 2019-12-01 23:21:51
Game version 1.32.0.3 / 1.32.0.3.1
7:18 long 4on4 ladder game on (8)MarketSquare
Saved by BEARAND
3030 views
Uploaded 2019-12-01 23:21:51
Game version 1.32.0.3 / 1.32.0.3.1
7:18 long 4on4 ladder game on (8)MarketSquare


/ 0k
22 buildings @ 3.6k
/ 1.1k

| Peon | 7 | 525 | / | 0 |
| Grunt | 1 | 200 | / | 0 |
| total: | 8 | 725g | / | 0w |
| Altar of Storms | 1 | 180 | / | 50 |
| Orc Burrow | 1 | 160 | / | 40 |
| Barracks | 1 | 180 | / | 50 |
| War Mill | 1 | 205 | / | 0 |
| total: | 4 | 725g | / | 140w |
| 0:07 | Altar of Storms |
| 0:12 | Orc Burrow |
| 0:14 | Peon |
| 0:14 | Peon |
| 0:14 | Peon |
| 0:19 | Peon |
| 0:48 | Barracks |
| 1:09 | Peon |
| 1:28 | War Mill |
| 1:34 | Pillage |
| 1:47 | Peon |
| 2:01 | Grunt |
| 2:12 | Endurance Aura |
| 2:23 | Peon |
| Select | 43 |
| Right click | 36 |
| Build/train/purchase | 12 |
| Select group | 12 |
| Chat | 11 |
| Assign group | 2 |

| Peon | 15 | 1125 | / | 0 |
| Grunt | 3 | 600 | / | 0 |
| total: | 18 | 1725g | / | 0w |
| Watch Tower | 4 | 440 | / | 320 |
| Altar of Storms | 1 | 180 | / | 50 |
| Orc Burrow | 3 | 480 | / | 120 |
| Barracks | 1 | 180 | / | 50 |
| War Mill | 1 | 205 | / | 0 |
| total: | 10 | 1485g | / | 540w |
| 0:03 | Peon |
| 0:03 | Peon |
| 0:09 | Altar of Storms |
| 0:13 | Orc Burrow |
| 0:24 | Peon |
| 0:38 | Barracks |
| 0:45 | Peon |
| 1:01 | Peon |
| 1:16 | Peon |
| 1:33 | Orc Burrow |
| 1:46 | Grunt |
| 2:08 | Grunt |
| 2:24 | Endurance Aura |
| 2:31 | Orc Burrow |
| 2:36 | Grunt |
| 2:51 | Peon |
| 3:04 | War Mill |
| 3:39 | Peon |
| 3:52 | Peon |
| 3:52 | Peon |
| 3:52 | Peon |
| 3:53 | Peon |
| 3:55 | Spiked Barricades |
| 4:38 | Watch Tower |
| 4:40 | Watch Tower |
| 4:45 | Watch Tower |
| 5:10 | Watch Tower |
| 5:30 | Peon |
| 5:30 | Peon |
| 5:31 | Peon |
| Right click | 103 |
| Select | 96 |
| Build/train/purchase | 22 |
| Misc. action | 8 |
| Chat | 4 |
| Use ability | 3 |

| Peon | 8 | 600 | / | 0 |
| Grunt | 1 | 200 | / | 0 |
| Wisp | 8 | 480 | / | 0 |
| total: | 17 | 1280g | / | 0w |
| Orc Burrow | 2 | 320 | / | 80 |
| Altar of Storms | 1 | 180 | / | 50 |
| Barracks | 1 | 180 | / | 50 |
| Altar of Elders | 1 | 180 | / | 50 |
| Moon Well | 2 | 360 | / | 80 |
| Ancient of War | 1 | 150 | / | 60 |
| total: | 8 | 1370g | / | 370w |
| 0:04 | Peon |
| 0:07 | Wisp |
| 0:18 | Orc Burrow |
| 0:19 | Altar of Storms |
| 0:20 | Peon |
| 0:21 | Peon |
| 0:25 | Wisp |
| 0:27 | Altar of Elders |
| 0:45 | Peon |
| 0:48 | Wisp |
| 0:51 | Moon Well |
| 1:10 | Barracks |
| 1:12 | Peon |
| 1:12 | Peon |
| 1:16 | Wisp |
| 1:18 | Ancient of War |
| 1:22 | Wisp |
| 1:29 | Peon |
| 1:32 | Orc Burrow |
| 1:47 | Wisp |
| 1:57 | Peon |
| 2:04 | Wisp |
| 2:09 | Moon Well |
| 2:10 | Wisp |
| 2:15 | Grunt |
| 2:26 | Feral Spirit |
| Right click | 89 |
| Select | 71 |
| Chat | 35 |
| Build/train/purchase | 22 |
| Select group | 15 |
| Assign group | 12 |
| Misc. action | 4 |
| Use ability | 2 |
| Esc | 1 |
70 units @ 5.2k
/ 0k
100 buildings @ 5.7k
/ 2.4k

| Peasant | 20 | 1500 | / | 0 |
| total: | 20 | 1500g | / | 0w |
| Scout Tower | 27 | 810 | / | 540 |
| Guard Tower | 14 | 980 | / | 700 |
| Altar of Kings | 1 | 180 | / | 50 |
| Lumber Mill | 1 | 120 | / | 0 |
| Farm | 2 | 160 | / | 40 |
| total: | 31 | 1270g | / | 630w |
| 0:02 | Peasant |
| 0:04 | Altar of Kings |
| 0:09 | Lumber Mill |
| 0:13 | Farm |
| 0:14 | Peasant |
| 0:33 | Peasant |
| 0:44 | Farm |
| 0:47 | Peasant |
| 0:58 | Peasant |
| 1:04 | Peasant |
| 1:10 | Peasant |
| 1:24 | Peasant |
| 1:39 | Peasant |
| 1:55 | Peasant |
| 2:05 | Summon Water Elemental |
| 2:08 | Peasant |
| 2:10 | Improved Masonry |
| 2:21 | Peasant |
| 2:33 | Peasant |
| 2:55 | Scout Tower |
| 2:56 | Scout Tower |
| 2:58 | Scout Tower |
| 3:03 | Scout Tower |
| 3:04 | Peasant |
| 3:15 | Guard Tower |
| 3:17 | Guard Tower |
| 3:27 | Peasant |
| 3:35 | Guard Tower |
| 4:11 | Scout Tower |
| 4:12 | Scout Tower |
| 4:12 | Scout Tower |
| 4:13 | Scout Tower |
| 4:18 | Scout Tower |
| 4:22 | Scout Tower |
| 4:29 | Scout Tower |
| 4:29 | Scout Tower |
| 4:47 | Guard Tower |
| 4:50 | Scout Tower |
| 4:52 | Scout Tower |
| 4:53 | Scout Tower |
| 4:53 | Guard Tower |
| 5:00 | Guard Tower |
| 5:01 | Scout Tower |
| 5:03 | Scout Tower |
| 5:05 | Scout Tower |
| 5:06 | Scout Tower |
| 5:13 | Scout Tower |
| 5:14 | Scout Tower |
| 5:28 | Scout Tower |
| 5:34 | Scout Tower |
| 5:35 | Guard Tower |
| 5:36 | Scout Tower |
| 5:37 | Scout Tower |
| 5:46 | Peasant |
| 5:47 | Peasant |
| 5:47 | Peasant |
| 5:48 | Guard Tower |
| 6:04 | Guard Tower |
| 6:10 | Peasant |
| 6:20 | Guard Tower |
| 6:34 | Guard Tower |
| 6:41 | Guard Tower |
| 6:50 | Guard Tower |
| 6:57 | Scout Tower |
| 7:02 | Peasant |
| 7:14 | Scout Tower |
| Assign group | 427 |
| Right click | 330 |
| Select group | 152 |
| Select | 144 |
| Build/train/purchase | 55 |
| Chat | 13 |
| Misc. action | 6 |
| Use ability | 2 |
| Remove unit | 1 |

| Boots of Speed | 2 | 500 |
| Staff of Teleportation | 2 | 300 |
| total: | 4 | 800g |
| Peasant | 15 | 1125 | / | 0 |
| total: | 15 | 1125g | / | 0w |
| Scout Tower | 13 | 390 | / | 260 |
| Guard Tower | 11 | 770 | / | 550 |
| Altar of Kings | 1 | 180 | / | 50 |
| Farm | 3 | 240 | / | 60 |
| Lumber Mill | 1 | 120 | / | 0 |
| Arcane Vault | 1 | 130 | / | 30 |
| Keep | 1 | 320 | / | 210 |
| total: | 19 | 1060g | / | 400w |
| 0:02 | Peasant |
| 0:02 | Peasant |
| 0:07 | Altar of Kings |
| 0:21 | Farm |
| 0:27 | Peasant |
| 0:46 | Peasant |
| 0:48 | Lumber Mill |
| 0:58 | Farm |
| 1:12 | Peasant |
| 1:17 | Peasant |
| 1:28 | Peasant |
| 1:38 | Peasant |
| 1:51 | Peasant |
| 2:07 | Summon Water Elemental |
| 2:55 | Scout Tower |
| 2:56 | Scout Tower |
| 2:57 | Scout Tower |
| 2:59 | Scout Tower |
| 3:08 | Peasant |
| 3:08 | Peasant |
| 3:08 | Peasant |
| 3:25 | Guard Tower |
| 3:37 | Peasant |
| 3:38 | Peasant |
| 3:48 | Improved Masonry |
| 3:49 | Peasant |
| 4:02 | Scout Tower |
| 4:02 | Scout Tower |
| 4:03 | Scout Tower |
| 4:03 | Scout Tower |
| 4:26 | Farm |
| 4:49 | Guard Tower |
| 4:49 | Guard Tower |
| 4:50 | Guard Tower |
| 4:52 | Scout Tower |
| 4:53 | Scout Tower |
| 4:53 | Scout Tower |
| 4:53 | Scout Tower |
| 4:59 | Arcane Vault |
| 5:07 | Guard Tower |
| 5:18 | Keep |
| 5:30 | Boots of Speed |
| 5:31 | Staff of Teleportation |
| 5:31 | Boots of Speed |
| 5:31 | Staff of Teleportation |
| 5:37 | Guard Tower |
| 5:37 | Guard Tower |
| 5:59 | Scout Tower |
| 6:32 | Guard Tower |
| Right click | 658 |
| Select | 143 |
| Select group | 103 |
| Build/train/purchase | 69 |
| Chat | 42 |
| Assign group | 19 |
| Misc. action | 3 |
| Use ability | 2 |

| Boots of Speed | 1 | 250 |
| Staff of Teleportation | 1 | 150 |
| total: | 2 | 400g |
| Peon | 13 | 975 | / | 0 |
| total: | 13 | 975g | / | 0w |
| Watch Tower | 5 | 550 | / | 400 |
| Altar of Storms | 1 | 180 | / | 50 |
| Orc Burrow | 2 | 320 | / | 80 |
| War Mill | 1 | 205 | / | 0 |
| Voodoo Lounge | 4 | 520 | / | 120 |
| total: | 13 | 1775g | / | 650w |
| 0:02 | Peon |
| 0:02 | Peon |
| 0:06 | Altar of Storms |
| 0:18 | Orc Burrow |
| 0:26 | Peon |
| 0:36 | Peon |
| 0:49 | War Mill |
| 0:52 | Peon |
| 0:59 | Peon |
| 1:16 | Peon |
| 1:36 | Voodoo Lounge |
| 1:39 | Peon |
| 1:49 | Orc Burrow |
| 1:55 | Peon |
| 2:05 | Watch Tower |
| 2:08 | Shockwave |
| 2:13 | Peon |
| 2:23 | Watch Tower |
| 3:15 | Watch Tower |
| 4:06 | Boots of Speed |
| 4:07 | Staff of Teleportation |
| 4:11 | Peon |
| 4:11 | Peon |
| 4:12 | Peon |
| 5:02 | Watch Tower |
| 5:12 | Watch Tower |
| 5:59 | Voodoo Lounge |
| 6:14 | Voodoo Lounge |
| 6:38 | Voodoo Lounge |
| Right click | 622 |
| Select | 111 |
| Chat | 67 |
| Build/train/purchase | 24 |
| Misc. action | 13 |
| Use ability | 4 |
| Select group | 4 |
| Assign group | 2 |
| Esc | 1 |

| Boots of Speed | 1 | 250 |
| total: | 1 | 250g |
| Peasant | 22 | 1650 | / | 0 |
| total: | 22 | 1650g | / | 0w |
| Scout Tower | 31 | 930 | / | 620 |
| Guard Tower | 15 | 1050 | / | 750 |
| Arcane Tower | 1 | 70 | / | 50 |
| Altar of Kings | 1 | 180 | / | 50 |
| Farm | 4 | 320 | / | 80 |
| Lumber Mill | 1 | 120 | / | 0 |
| total: | 37 | 1550g | / | 750w |
| 0:02 | Peasant |
| 0:03 | Peasant |
| 0:10 | Altar of Kings |
| 0:12 | Farm |
| 0:17 | Farm |
| 0:26 | Scout Tower |
| 0:29 | Peasant |
| 0:29 | Peasant |
| 0:36 | Peasant |
| 0:50 | Lumber Mill |
| 0:59 | Peasant |
| 1:09 | Farm |
| 1:15 | Peasant |
| 1:15 | Peasant |
| 1:40 | Peasant |
| 1:40 | Peasant |
| 1:49 | Peasant |
| 2:01 | Peasant |
| 2:06 | Peasant |
| 2:06 | Peasant |
| 2:07 | Peasant |
| 2:11 | Summon Water Elemental |
| 2:39 | Scout Tower |
| 2:40 | Scout Tower |
| 2:41 | Scout Tower |
| 2:42 | Scout Tower |
| 2:43 | Scout Tower |
| 2:44 | Scout Tower |
| 2:52 | Peasant |
| 2:52 | Peasant |
| 3:07 | Guard Tower |
| 3:24 | Guard Tower |
| 3:25 | Peasant |
| 3:25 | Peasant |
| 3:36 | Farm |
| 4:10 | Peasant |
| 4:17 | Scout Tower |
| 4:17 | Scout Tower |
| 4:18 | Scout Tower |
| 4:19 | Scout Tower |
| 4:19 | Scout Tower |
| 4:20 | Scout Tower |
| 4:25 | Scout Tower |
| 4:26 | Scout Tower |
| 4:32 | Guard Tower |
| 4:45 | Guard Tower |
| 4:47 | Scout Tower |
| 4:48 | Arcane Tower |
| 4:50 | Scout Tower |
| 4:51 | Peasant |
| 4:54 | Guard Tower |
| 5:00 | Improved Masonry |
| 5:05 | Guard Tower |
| 5:14 | Scout Tower |
| 5:30 | Scout Tower |
| 5:30 | Scout Tower |
| 5:51 | Scout Tower |
| 5:51 | Scout Tower |
| 5:52 | Scout Tower |
| 5:54 | Scout Tower |
| 5:59 | Guard Tower |
| 6:01 | Guard Tower |
| 6:03 | Scout Tower |
| 6:04 | Scout Tower |
| 6:05 | Scout Tower |
| 6:07 | Guard Tower |
| 6:12 | Scout Tower |
| 6:12 | Scout Tower |
| 6:18 | Guard Tower |
| 6:29 | Guard Tower |
| 6:46 | Guard Tower |
| 6:49 | Peasant |
| 7:02 | Scout Tower |
| 7:02 | Scout Tower |
| 7:08 | Boots of Speed |
| 7:13 | Guard Tower |
| 7:17 | Guard Tower |
| Select group | 413 |
| Right click | 338 |
| Chat | 141 |
| Select | 120 |
| Build/train/purchase | 57 |
| Assign group | 5 |
| Misc. action | 4 |
| Minimap ping | 3 |
| Esc | 1 |
⇛